 Dungeon Crawl Stone Soup version 0.30-a0-632-g346586fe48 (webtiles) character file.

Game seed: 7003678827944163830

4 wormed the Poker (level 1, -4/18 HPs)
             Began as a Minotaur Gladiator on Jan 13, 2023.
             Succumbed to a kobold's poison
             ... on level 1 of the Dungeon.
             The game lasted 00:00:27 (108 turns).

wormed the Poker (Minotaur Gladiator)                Turns: 108, Time: 00:00:27

Health: -4/18      AC:  4    Str: 18    XL:     1   Next: 58%
Magic:  0/0        EV: 12    Int:  5    God:
Gold:   27         SH:  0    Dex: 11    Spells: 0/0 levels left

rFire   . . .      SeeInvis .    a - +0 trident
rCold   . . .      Faith    .    (no shield)
rNeg    . . .      Spirit   .    b - +0 leather armour
rPois   .          Reflect  .    c - +0 hat
rElec   .          Harm     .    f - +0 cloak
rCorr   .          Rampage  .    (no gloves)
Will    .....                    (no boots)
Stlth   +                        (no amulet)
HPRegen 0.23/turn                (no ring)
MPRegen 0.07/turn                (no ring)

@: lethally poisoned (-4 -> -25)
A: horns 2, retaliatory headbutt
a: no special abilities


You were on level 1 of the Dungeon.
You visited 1 branch of the dungeon, and saw 1 of its levels.

You collected 27 gold pieces.

Inventory:

Hand Weapons
 a - a +0 trident (weapon)
Missiles
 d - 3 throwing nets (quivered)
 e - a javelin
Armour
 b - a +0 leather armour (worn)
 c - a +0 hat (worn)
 f - a +0 cloak (worn)


   Skills:
 + Level 2.4 Fighting
 * Level 3.7 Polearms
 + Level 2.0 Throwing
 + Level 0.2 Armour
 + Level 3.3 Dodging
 + Level 0.4 Shields


You couldn't memorise any spells.
You didn't know any spells.
Your spell library contained the following spells:

 Spells                   Type           Power      Damage    Failure   Level
 Cigotuvi's Dreadful Rot  Necr/Pois/Air  0%         N/A       67%         2
 Poisonous Vapours        Pois/Air       0%         N/A       67%         2
 Mephitic Cloud           Conj/Pois/Air  0%         N/A       88%         3


Dungeon Overview and Level Annotations

Branches:
Dungeon (1/15)

Altars:


Innate Abilities, Weirdness & Mutations

You have a pair of horns on your head.
You reflexively headbutt those who attack you in melee.


Message History

A bat comes into view.
The bat moves out of view.
You reach to attack!
You barely miss the kobold. You closely miss the kobold.
The kobold hits you but does no damage.
A rat comes into view.
You closely miss the kobold.
You headbutt the kobold, but do no damage.
The kobold closely misses you. The bat hits you but does no damage.
You hit the bat.
You kill the bat!
The kobold hits you but does no damage.
You are poisoned.
You barely miss the kobold.
You feel sick.
A goblin comes into view. It is wielding a +0 club.
The kobold hits you with a +1 dagger of venom.
An endoplasm comes into view.
You closely miss the kobold.
You feel sick.
The endoplasm quivers.
The goblin shouts!
The teleport trap disappears.
The endoplasm disappears!
The kobold hits you with a +1 dagger of venom.
You are lethally poisoned!
You closely miss the kobold.
You feel very sick. The kobold hits you but does no damage.
You are too injured to fight recklessly!
You are too injured to fight recklessly!
You are too injured to fight recklessly!
You hit the kobold.
The kobold is moderately wounded.
* * * LOW HITPOINT WARNING * * *
You feel very sick.
The kobold hits you with a +1 dagger of venom.
* * * LOW HITPOINT WARNING * * *
You are more poisoned.
The rat bites you.
* * * LOW HITPOINT WARNING * * *
You barely miss the kobold.
The kobold is moderately wounded.
You die...

.. #........####### >..
#........####### ....
#...#####.......
....#####...............
#......................
#.##...##..............
#...##..............
#..)#########.......
#.†@# #....... #.rK#
#....... .......
#....... #........
#....... ...##...##.
#######. .## #...# g# #.
..... . #. #..... . ##


You could see a goblin, a kobold and a rat.

Vanquished Creatures
  A hobgoblin (D:1)
  2 bats (D:1)
  A kobold (D:1)
  2 rats (D:1)
6 creatures vanquished.

Notes
Turn   | Place    | Note
-------+----------+-------------------------------------------
     0 | D:1      | wormed the Minotaur Gladiator began the quest for the Orb.
     0 | D:1      | Reached XP level 1. HP: 18/18 MP: 0/0
   108 | D:1      | Succumbed to a kobold's poison

Illustrated notes

Levels and vault maps discovered:
D:1:      dpeg_arrival_connections, layout_basic

Action                   || total
-------------------------++-------
Melee: Trident           ||    16
       Headbutt          ||     1
Armor: Leather armour    ||     4
Dodge: Dodged            ||     5

Table legend: (Time is in decaauts)
 A = Elapsed time spent in this place.
 B = Non-inter-level travel time spent in this place.
 C = Inter-level travel time spent in this place.
 D = Time resting spent in this place.
 E = Time spent auto-exploring this place.
 F = Levels seen in this place.
 G = Mean time per level.
                   A        B        C        D        E       F      G
               +--------+--------+--------+--------+--------+-----+--------+
         Total |    109 |    109 |      0 |      0 |     64 |   1 |  109.0 |
       Dungeon |    109 |    109 |      0 |      0 |     64 |   1 |  109.0 |
               +--------+--------+--------+--------+--------+-----+--------+

Top non-repeatable levels by time:
     D:1: 109 daAuts
